 Dungeon Crawl Stone Soup version 0.30-a0-622-gddc90eaa04 (webtiles) character file.

Game seed: 2679354001048975629

5 kae the Insei (level 1, 0/15 HPs)
             Began as a Demonspawn Transmuter on Jan 10, 2023.
             Succumbed to a goblin's poison
             ... on level 1 of the Dungeon.
             The game lasted 00:00:11 (81 turns).

kae the Insei (Demonspawn Transmuter)                 Turns: 81, Time: 00:00:11

Health: 0/15       AC:  2    Str: 10    XL:     1   Next: 66%
Magic:  2/3        EV: 12    Int: 14    God:
Gold:   12         SH:  0    Dex: 13    Spells: 3/4 levels left

rFire   . . .      SeeInvis .      - Unarmed
rCold   . . .      Faith    .    (no shield)
rNeg    . . .      Spirit   .    a - +0 robe
rPois   .          Reflect  .    (helmet currently unavailable)
rElec   .          Harm     .    (no cloak)
rCorr   .          Rampage  .    (no gloves)
Will    .....                    (boots currently unavailable)
Stlth   +                        (no amulet)
HPRegen 0.22/turn                (no ring)
MPRegen 0.08/turn                (no ring)

@: lethally poisoned (0 -> -12), appendages
A: horns 2, talons 2
a: End Transformation


You were on level 1 of the Dungeon.
You had temporarily grown beastly horns and talons.
You visited 1 branch of the dungeon, and saw 1 of its levels.

You collected 12 gold pieces.


Innate Abilities, Weirdness & Mutations

You have temporarily grown beastly horns and talons.


   Skills:
 - Level 1.0 Fighting
 - Level 1.7 Dodging
 + Level 2.7 Unarmed Combat
 + Level 2.1 Spellcasting
 * Level 2.0 Transmutations


You had 3 spell levels left.
You knew the following spells:

 Your Spells              Type           Power      Damage    Failure   Level
a - Beastly Appendage     Tmut           14%        N/A       10%         1

Your spell library contained the following spells:

 Spells                   Type           Power      Damage    Failure   Level
 Wereblood                Tmut           7%         N/A       16%         2
 Spider Form              Tmut/Pois      4%         N/A       43%         3
 Ice Form                 Ice/Tmut       4%         N/A       83%         4

Inventory:

Armour
 a - a +0 robe (worn)
Potions
 b - a potion of lignification {!q}

Dungeon Overview and Level Annotations

Branches:
Dungeon (1/15) Zot: 5920

Altars:

##### ..... ##### .....
###### #####
#....##########
#######+##.........>..#.
.........#)......†......
......)@.'..#.........##
......K..##.+.........##
.........####.........##
.........# #.........##
.........# #.........#
.........# #.........#
########## #.........#
####..##### #.#


You could see a kobold.


Message History

You take 2 damage, and now have 13/15 hp.
You lost 1 mp, and now have 1/3 mp.
You closely miss the ball python. Your headbutt misses the ball python.
The ball python bites you but does no damage.
The ball python grabs you. The ball python constricts you.
You completely miss the ball python. Your kick misses the ball python.
The ball python barely misses you.
The ball python constricts you. 😕 HP[-1]
You take 1 damage, and now have 12/15 hp.
You closely miss the ball python. The ball python misses you.
The ball python constricts you.
You closely miss the ball python. Your headbutt misses the ball python.
Your transformation is almost over.
The ball python barely misses you.
The ball python constricts you. 😕 MP[+1]
You hit the ball python. You headbutt the ball python.
You kill the ball python!
No target in view!
Your horns disappear.
Your talons disappear.
You now have 12 gold pieces.
Key pressed, stopping explore.
No target in view!
No target in view! 😎 HP[+3] MP[+1]
Your hp is fully restored (15).
Your mp is fully restored (3).
You open the door.
A bat, a hobgoblin and a rat come into view.
The hobgoblin shouts!
You hear a shout!
Unknown command.
There are monsters nearby!
There are monsters nearby!
Casting: Beastly Appendage (safe; 11% risk of failure)
Confirm with . or Enter, or press ? or * to list all spells.
You grow a pair of large bovine horns.
Your feet morph into talons.
The bat hits you. 😕 HP[-1] MP[-1]
You take 1 damage, and now have 14/15 hp.
You lost 1 mp, and now have 2/3 mp.
You hit the bat but do no damage. You claw the bat.
You kill the bat!
You closely miss the rat. You claw the rat.
The rat bites you but does no damage. 😎 HP[+1]
Your hp is fully restored (15).
You hit the rat.
You kill the rat!
Your Transmutations skill increases to level 2!
You hit the hobgoblin. You claw the hobgoblin.
Your headbutt misses the hobgoblin. The hobgoblin misses you.
Unknown command.
You hit the hobgoblin but do no damage.
You claw the hobgoblin, but do no damage.
Your headbutt misses the hobgoblin. The hobgoblin hits you.
You hit the hobgoblin but do no damage. You headbutt the hobgoblin.
You kill the hobgoblin! 😕 HP[-1]
You take 1 damage, and now have 14/15 hp.
No target in view!
No target in view!
Your horns disappear.
Your talons disappear.
A kobold comes into view. It is wielding a +3 short sword.
Unknown command.
A kobold is nearby!
A kobold is nearby!
A goblin comes into view. It is wielding a +1 dagger of venom.
The goblin shouts!
There is an open door here. 😎 HP[+1] MP[+1]
Your hp is fully restored (15).
Your mp is fully restored (3).
Casting: Beastly Appendage (safe; 11% risk of failure)
Confirm with . or Enter, or press ? or * to list all spells.
You grow a pair of large bovine horns.
Your feet morph into talons.
The kobold throws a stone.
The stone hits you. 😕 HP[-2] MP[-1]
You take 2 damage, and now have 13/15 hp.
You lost 1 mp, and now have 2/3 mp.
The goblin hits you but does no damage.
You are poisoned.
You barely miss the goblin.
You feel sick. The goblin misses you. 😕 HP[-1]
You take 1 damage, and now have 12/15 hp.
Unknown command.
You barely miss the goblin. Your kick misses the goblin.
Your headbutt misses the goblin.
You feel sick.
The goblin hits you with a +1 dagger of venom.
* * * LOW HITPOINT WARNING * * *
You are lethally poisoned! 😨 HP[-6]
You take 6 damage, and now have 6/15 hp.
MASSIVE DAMAGE!! (PAUSE)
You hit the goblin.
You kill the goblin!
* * * LOW HITPOINT WARNING * * *
You feel very sick. The kobold barely misses you. 😱 HP[-3]
You take 3 damage, and now have 3/15 hp.
You barely miss the kobold. Your headbutt misses the kobold.
You die...

Skill      XL: |  1 |
---------------+----+-----
Transmutations | 2 |  2.0
Fighting       | |  1.0
Dodging        | |  1.7
Unarmed Combat | |  2.7
Spellcasting   | |  2.1

Action                   || total
-------------------------++-------
Melee: Unarmed           ||    17
       Kick              ||     4
       Headbutt          ||     3
 Cast: Beastly Appendage ||     4
Armor: Robe              ||     3
Dodge: Dodged            ||     9

Levels and vault maps discovered:
D:1:      dpeg_arrival_rooms_with_view, layout_basic

Notes
Turn   | Place    | Note
-------+----------+-------------------------------------------
     0 | D:1      | kae the Demonspawn Transmuter began the quest for the Orb.
     0 | D:1      | Reached XP level 1. HP: 15/15 MP: 3/3
     0 | D:1      | magus.rc [v1.11.3]
    67 | D:1      | Reached skill level 2 in Transmutations
    80 | D:1      | HP: 3/15 [poisoned by a goblin]
    81 | D:1      | Succumbed to a goblin's poison

Vanquished Creatures
  A bat (D:1)
  A hobgoblin (D:1)
  A ball python (D:1)
  A goblin (D:1)
  2 rats (D:1)
6 creatures vanquished.

Table legend:
 A = Non-vault XP
 B = Vault XP
 C = Vault XP percentage of total XP
 D = Non-vault monster count
 E = Vault monster count
 F = Vault count percentage of total count
                 A         B        C        D         E       F
            +---------+---------+-------+---------+---------+-------
      Total |       8 |       0 |   0.0 |       6 |       0 |   0.0
            +---------+---------+-------+---------+---------+-------
        D:1 |       8 |       0 |   0.0 |       6 |       0 |   0.0
            +---------+---------+-------+---------+---------+-------

Illustrated notes

Table legend:
 A = Kills in this place as a percentage of kills in entire the game.
 B = Kills by you in this place as a percentage of kills by you in the entire game.
 C = Kills by friends in this place as a percentage of kills by friends in the entire game.
 D = Other kills in this place as a percentage of other kills in the entire game.
 E = Experience gained in this place as a percentage of experience gained in the entire game.
 F = Experience gained in this place divided by the number of levels of this place that you have seen.
                   A       B       C       D       E      F
               +-------+-------+-------+-------+-------+----------------------
         Total | 100.0 | 100.0 |   N/A |   N/A | 100.0 |   8.0
       Dungeon | 100.0 | 100.0 |   N/A |   N/A | 100.0 |   8.0
               +-------+-------+-------+-------+-------+----------------------

Table legend: (Time is in decaauts)
 A = Elapsed time spent in this place.
 B = Non-inter-level travel time spent in this place.
 C = Inter-level travel time spent in this place.
 D = Time resting spent in this place.
 E = Time spent auto-exploring this place.
 F = Levels seen in this place.
 G = Mean time per level.
                   A        B        C        D        E       F      G
               +--------+--------+--------+--------+--------+-----+--------+
         Total |     80 |     80 |      0 |      0 |     44 |   1 |   80.0 |
       Dungeon |     80 |     80 |      0 |      0 |     44 |   1 |   80.0 |
               +--------+--------+--------+--------+--------+-----+--------+

Top non-repeatable levels by time:
     D:1: 80 daAuts
